Map: [ESL] Tropical Sacrifice

Players

Reynor - Winner!

  • Race: Zerg Zerg
  • League: Master
  • Spawn Location: 1:00

Solar

  • Race: Zerg Zerg
  • League: Grandmaster
  • Spawn Location: 7:00

Event: TSL 9

VOD

Have the link to the VOD?

Description

Time

  • Played on: Sept. 3, 2022, 9:44 a.m.
  • Length: 8:28

All games in this series

Show
View Real Time Build Order
Export as new Build Order

Reynor Zerg - Winner!

Build Orders: Hatch First 

Get SALT Encoding   

  12  0:00  Drone  
  13  0:12  Overlord  
  13  0:17  Drone  
  14  0:30  Drone x2  
  16  0:48  Hatchery  
  15  0:51  Drone  
  15  0:55  Drone  
  17  0:58  Drone  
  18  1:09  Extractor  
  17  1:14  Spawning Pool  
  17  1:17  Drone  
  17  1:20  Drone  
  18  1:28  Drone  
  19  1:38  Drone  
  20  2:01  Zergling x6  
  20  2:02  Queen x2  
  27  2:12  Drone  
  27  2:31  Zergling x2  
  27  2:33  Overlord  
  27  2:45  Overlord  
  27  2:49  Drone  
  28  2:54  Spore Crawler  
  28  2:58  Overlord  
  28  3:04  Drone x3  
  31  3:07  Drone  
  31  3:10  Drone  
  33  3:14  Drone  
  34  3:21  Metabolic Boost  
  34  3:24  Drone  
  34  3:25  Drone  
  36  3:28  Overlord  
  36  3:31  Drone  
  36  3:33  Drone  
  38  3:37  Drone x2  
  40  3:46  Drone x2  
  42  3:55  Hatchery  
  41  3:56  Drone  
  41  3:58  Drone  
  41  4:02  Drone  
  44  4:06  Evolution Chamber  
  44  4:07  Overlord  
  43  4:11  Zergling x6  
  43  4:13  Zergling x2  
  47  4:17  Zergling x2  
  47  4:20  Drone  
  47  4:21  Overlord  
  47  4:23  Drone  
  47  4:24  Drone  
  51  4:29  Queen  
  51  4:30  Drone  
  54  4:37  Overlord  
  54  4:39  Drone x2  
  54  4:40  Drone  
  54  4:42  Drone  
  54  4:44  Zerg Missile Weapons Level 1  
  58  4:50  Roach Warren  
  58  4:51  Drone  
  58  4:52  Drone  
  59  4:59  Extractor  
  58  5:01  Zergling x2  
  58  5:02  Zergling x8  
  58  5:06  Overlord  
  63  5:09  Zergling x6  
  65  5:17  Zergling x4  
  66  5:23  Evolution Chamber  
  66  5:25  Zergling x10  
  70  5:30  Roach  
  70  5:31  Roach  
  74  5:36  Roach x3  
  74  5:42  Roach x3  
  86  5:47  Queen  
  82  5:54  Roach x2  
  86  5:58  Drone x3, Overlord, Extractor  
  86  6:01  Overlord  
  88  6:17  Lair  
  88  6:18  Drone x4  
  92  6:19  Roach  
  92  6:23  Roach  
  92  6:25  Drone x4  
  99  6:26  Overlord  
  99  6:27  Drone  
  99  6:28  Drone  
  99  6:31  Overlord  
  101  6:34  Drone  
  101  6:35  Drone  
  101  6:37  Drone x2  
  101  6:39  Overlord  
  109  6:47  Roach x2  
  109  6:51  Roach x4  
  106  6:57  Roach  
  106  7:00  Extractor  
  101  7:01  Drone x2  
  101  7:06  Roach x4  
  101  7:07  Roach x2  
  115  7:10  Overlord  
  115  7:18  Drone x2  
  115  7:19  Extractor  
  115  7:21  Drone x2, Overlord  
  115  7:22  Drone  
  119  7:24  Overseer  
  119  7:26  Roach  
  121  7:30  Drone x2  
  121  7:33  Overlord  
  121  7:37  Drone x3  
  125  7:38  Extractor  
  125  7:43  Roach  
  127  7:44  Roach x3  
  127  7:46  Roach, Overlord  
  127  7:50  Roach x2, Spine Crawler  
  127  7:51  Overlord  
  138  7:52  Roach  
  138  7:56  Roach  
  142  8:01  Roach x2  
  142  8:03  Roach x3  
  142  8:04  Roach  
  140  8:06  Roach  
  140  8:07  Roach  
Show
View Real Time Build Order
Export as new Build Order

Solar Zerg 

Build Orders: Pool First 

Get SALT Encoding   

  12  0:17  Spawning Pool  
  11  0:22  Drone  
  11  0:27  Drone  
  13  0:31  Drone  
  14  0:40  Overlord  
  14  1:04  Zergling x4  
  16  1:05  Zergling x2  
  17  1:16  Zergling x2  
  18  1:19  Hatchery  
  17  1:27  Zergling x2  
  18  1:35  Queen  
  18  1:39  Zergling x2  
  21  1:48  Overlord  
  21  2:00  Drone  
  22  2:10  Drone  
  22  2:11  Queen  
  25  2:20  Drone  
  24  2:31  Drone x2  
  24  2:35  Queen  
  27  2:42  Drone  
  27  2:44  Drone  
  28  2:45  Drone  
  28  2:46  Drone  
  28  2:48  Drone  
  31  2:54  Extractor  
  31  2:56  Drone x2  
  31  3:03  Overlord  
  31  3:06  Drone  
  32  3:16  Overlord  
  32  3:18  Drone  
  33  3:23  Drone x3  
  33  3:25  Drone  
  37  3:30  Overlord  
  37  3:33  Evolution Chamber  
  36  3:35  Drone  
  37  3:43  Drone x3  
  37  3:47  Roach Warren  
  39  3:49  Drone  
  40  3:55  Metabolic Boost  
  40  3:56  Drone x2  
  40  4:00  Drone  
  40  4:01  Zergling x2  
  44  4:05  Overlord  
  44  4:07  Zergling x2  
  44  4:09  Zergling x2  
  46  4:14  Zergling x6  
  46  4:17  Zergling x4  
  50  4:21  Overlord  
  51  4:28  Zergling x6  
  54  4:38  Hatchery  
  53  4:43  Zergling x2  
  53  4:44  Zergling x2  
  55  4:46  Zergling x4  
  55  4:47  Zergling x2  
  55  4:50  Zerg Ground Armor Level 1  
  55  4:52  Zergling x4  
  60  4:56  Zergling x2  
  61  5:06  Overlord  
  61  5:10  Zergling x8, Hatchery  
  61  5:13  Drone x2  
  67  5:14  Overlord  
  67  5:19  Overlord  
  67  5:23  Overlord  
  67  5:26  Extractor x2  
  65  5:30  Drone  
  65  5:32  Lair, Drone  
  65  5:34  Drone  
  65  5:35  Drone  
  68  5:39  Drone  
  70  5:42  Drone  
  64  5:53  Roach x2  
  64  5:55  Roach  
  70  6:02  Roach x2  
  74  6:07  Drone  
  75  6:13  Roach x2  
  75  6:14  Drone  
  79  6:21  Roach x2  
  83  6:30  Overlord  
  83  6:31  Glial Reconstitution, Roach  
  85  6:33  Overlord  
  85  6:34  Overlord  
  85  6:38  Roach x3  
  90  6:43  Roach  
  89  6:48  Roach x2  
  89  6:50  Zergling x4  
  89  6:51  Zergling x6  
  87  6:55  Roach  
  87  6:59  Roach x2  
  87  7:01  Roach  
  88  7:03  Roach  
  88  7:06  Roach  
  92  7:09  Roach  
  92  7:14  Roach  
  96  7:16  Roach  
  96  7:19  Roach  
  96  7:22  Roach  
  102  7:23  Overlord  
  102  7:24  Roach  
  102  7:27  Roach  
  106  7:31  Zergling x14  
  106  7:32  Zergling x2  
  106  7:36  Zergling x8  
  118  7:45  Zergling x6  
  121  7:55  Zergling x4  
  121  7:56  Zergling x2  
  124  7:59  Zergling x2  
  124  8:00  Zergling x10  
  124  8:04  Roach x3  
Tags
 
Add a new tag
Caveats
  • Supply blocks, unpowered buildings, or Contaminate may cause inaccurate times.
  • Supply counts are checked every 10 seconds.